 Dungeon Crawl Stone Soup version 0.31-a0-971-g75a2e9a4b4 (webtiles) character file.

Game seed: 8896787987075678847

500 Azuregosa the Covert (level 7, -2/46 HPs)
             Began as an Octopode Delver on Oct 28, 2023.
             Killed from afar by an orc wizard (9 damage)
             ... with a puff of flame
             ... on level 6 of the Dungeon.
             The game lasted 00:12:22 (4348 turns).

Azuregosa the Covert (Octopode Delver)              Turns: 4348, Time: 00:12:23

Health: -2/46      AC:  1    Str: 12    XL:     7   Next: 16%
Magic:  7/7        EV: 11    Int: 14    God:
Gold:   153        SH:  7    Dex: 13    Spells: 6/6 levels left

rFire   . . .        t - +3 whip
rCold   . . .        s - +0 kite shield
rNeg    . . .        (helmet restricted)
rPois   .            (no amulet)
rElec   .            (no ring)
rCorr   .            (no ring)
SInv    .            (no ring)
Will    .....        (no ring)
Stlth   ++++++       (no ring)
HPRegen 0.27/turn    (no ring)
MPRegen 0.10/turn    (no ring)
                     (no ring)

%: no passive effects
@: studying Necromancy
A: almost no armour, amphibious, 8 rings, camouflage 1, gelatinous body 1,
(nimble swimmer 1), tentacles
a: no special abilities


You were on level 6 of the Dungeon.
You visited 1 branch of the dungeon, and saw 6 of its levels.

You collected 265 gold pieces.
You spent 112 gold pieces at shops.

Inventory:

Hand Weapons
 a - a +0 falchion
 j - a +1 short sword of venom
 t - a +3 whip (weapon)
 y - a +4 lajatang
 F - a +2 dagger of venom
Missiles
 l - 68 stones
 p - 8 atropa-tipped darts
 w - 7 boomerangs
 x - 6 poisoned darts
Armour
 s - a +0 kite shield (worn)
Magical Staves
 o - a staff of conjuration
Jewellery
 q - an amulet of regeneration
Talismans
 A - a blade talisman
Wands
 f - a wand of digging (3)
 g - a wand of acid (1)
Scrolls
 b - a scroll of fog
 c - 3 scrolls of teleportation {unknown}
 d - a scroll of fear
 i - a scroll of torment {unknown}
 m - 11 scrolls of identify {unknown}
 u - a scroll of enchant armour {unknown}
 v - 4 scrolls of poison {unknown}
 D - a scroll of enchant weapon {unknown}
 E - a scroll of brand weapon {unknown}
Potions
 e - a potion of haste
 h - 3 potions of lignification {unknown}
 k - a potion of berserk rage {unknown}
 n - a potion of brilliance {unknown}
 r - a potion of cancellation {unknown}
 z - a potion of might {unknown}
 B - a potion of attraction {unknown}
 C - a potion of heal wounds {unknown}


   Skills:
 + Level 3.0 Fighting
 - Level 2.0 Long Blades
 + Level 0.0 Staves
 - Level 2.0 Dodging
 - Level 12.2 Stealth


You had 6 spell levels left.
You didn't know any spells.
Your spell library contained the following spells:

 Spells                   Type           Power      Damage    Failure   Level
 Necrotise                Necr           0%         1d4       78%         1
 Slow                     Hex            0%         N/A       78%         1
 Momentum Strike          Conj/Tloc      0%         3d8       89%         2
 Confusing Touch          Hex            0%         N/A       98%         3
 Ozocubu's Armour         Ice            0%         N/A       98%         3
 Sigil of Binding         Hex            0%         N/A       98%         3
 Vampiric Draining        Necr           0%         2d6       98%         3
 Agony                    Necr           0%         N/A       100%        5
 Freezing Cloud           Conj/Ice/Air   0%         6-21      100%        5
 Ozocubu's Refrigeration  Ice            0%         4d7       100%        7


Dungeon Overview and Level Annotations

Branches:
Dungeon (6/15)
 Temple: D:4-7

Altars:
Fedhas
Okawaru
Trog
Zin
The Shining One

Shops:
D:1 [   D:3 [

Annotations:
D:5 Dowan, Duvessa


Innate Abilities, Weirdness & Mutations

You cannot wear most types of armour.
You are amphibious.
You can wear up to eight rings at the same time.
Your skin changes colour to match your surroundings (Stealth+).
Your rubbery body absorbs attacks. (AC +1, EV +1)
((You are camouflaged when in or above water. (Stealth+)))
You have tentacles for arms and can constrict up to eight enemies at once.


Message History

The orc wizard shouts!
You hit the orc. You grab the orc. You squeeze the orc.
You kill the orc!
The orc wizard gestures wildly while chanting.
The orc wizard flickers and vanishes!
Deactivating autopickup; reactivate with Ctrl-A.
Things that are here:
a +0 mace; a +0 ring mail The orc hits you with a +0 trident.
Something hits you. x2
You hit the orc. You grab the orc. You squeeze the orc.
You kill the orc!
Something barely misses you.
You hear some strange, mumbled words.
Something tries to affect you, but you resist.
You hit something. Something hits you.
You barely miss something.
Your tentacle-slap misses something.
Something hits you.
You hear some strange, mumbled words.
You are confused.
Things that are here:
a +0 trident; a +0 leather armour Something hits you.
Things that are here:
a +0 mace; a +0 ring mail You completely miss something.
Your squeeze misses something. Something hits you. x2
You bump into the rock wall.
You feel less confused. You block something's attack. Something hits you.
You barely miss something. Something hits you.
* * * LOW HITPOINT WARNING * * *
Something completely misses you.
You barely miss something. You squeeze something.
Something completely misses you. Something hits you.
* * * LOW HITPOINT WARNING * * *
You barely miss something. Your squeeze misses something.
You hear some strange, mumbled words.
A puff of flame appears from out of thin air!
The puff of flame hits you!
You die...

.. .###......#...$....
... ...#.# #...........
#..# ....###...........
....####....##..........
..........).............
#...........[.....#..#
#....)........<.....#
....#.{)...............
. ##@##..............
###...............
.................
#.....#............
.......#............
......#............#
...... #..>###...).#
....###......
#......###.


There were no monsters in sight!

Vanquished Creatures
  A centaur (D:6)
  A bullfrog (D:4)
  2 scorpions
  An iguana (D:5)
  An orc wizard (D:3)
  6 adders
  A worm (D:2)
  5 dart slugs
  18 orcs
  10 ball pythons
  8 bats
  6 endoplasms
  2 giant cockroaches
  7 goblins
  5 hobgoblins
  7 jackals (D:2)
  5 quokkas
  5 frilled lizards
  6 kobolds
  10 rats
107 creatures vanquished.

Notes
Turn   | Place    | Note
-------+----------+-------------------------------------------
     0 | D:5      | Azuregosa the Octopode Delver began the quest for the Orb.
     0 | D:5      | Reached XP level 1. HP: 16/16 MP: 1/1
    31 | D:5      | Noticed Duvessa
    31 | D:5      | Noticed Dowan
    81 | D:4      | Found a blossoming altar of Fedhas.
   193 | D:4      | Found a bloodstained altar of Trog.
   203 | D:4      | Noticed a scorpion
   262 | D:4      | Reached skill level 7 in Stealth
   336 | D:3      | Reached XP level 2. HP: 21/21 MP: 2/2
   427 | D:4      | Reached XP level 3. HP: 18/26 MP: 3/3
   585 | D:3      | Found Ikkaghil's Antique Armour Shoppe.
   795 | D:2      | Reached skill level 8 in Stealth
   810 | D:2      | Got Ziso's Book of Snow and Damage
   828 | D:3      | Found an iron altar of Okawaru.
   898 | D:2      | Reached XP level 4. HP: 7/31 MP: 4/4
   900 | D:2      | HP: 1/31 [quokka (3)]
  1149 | D:1      | Found Unuhuig's Antique Armour Boutique.
  1155 | D:1      | Bought a kite shield for 112 gold pieces
  1409 | D:1      | Reached skill level 9 in Stealth
  2220 | D:2      | Reached XP level 5. HP: 36/36 MP: 5/5
  2764 | D:3      | Found a glowing golden altar of the Shining One.
  2803 | D:3      | Found a glowing silver altar of Zin.
  2829 | D:3      | Reached skill level 10 in Stealth
  3329 | D:4      | Reached XP level 6. HP: 31/42 MP: 6/6
  3453 | D:4      | Reached skill level 11 in Stealth
  4164 | D:6      | Reached skill level 12 in Stealth
  4164 | D:6      | Reached XP level 7. HP: 14/46 MP: 7/7
  4348 | D:6      | Killed from afar by an orc wizard

Illustrated notes

Levels and vault maps discovered:
D:1:      minmay_arrival_four_houses, layout_basic, serial_shops, shop,
          minmay_hexomino_u4
D:2:      wander_river, layout_loops_ring
D:3:      layout_basic, old_standard_altar, mainiacjoe_overflow_tiny_flanked,
          lemuel_round_altar, serial_shops, shop
D:4:      layout_rooms, lightli_temple_of_fire, nicolae_overflow_crystal_walls,
          minmay_manual_monolith
D:5:      layout_cave_pods, item_on_display_a, uniq_duvessa
D:6:      kennysheep_kobold_camp, layout_cave_pools,
          mainiacjoe_overflow_alcove_2, grunt_dithmenos_smoke_and_mirrors

Skill      XL: |  1  2  3  4  5  6 |
---------------+-------------------+-----
Stealth        | 7 8 9 10 12 | 12.2
Fighting       | |  3.0
Long Blades    | |  2.0
Dodging        | |  2.0

Action                     |  1- 3 |  4- 6 |  7- 9 || total
---------------------------+-------+-------+-------++-------
  Melee: Short sword       |    53 |    21 |       ||    74
         Constrict         |    17 |    35 |     2 ||    54
         Tentacles         |     8 |    30 |     3 ||    41
         Punch             |     1 |     2 |       ||     3
         Falchion          |     1 |       |       ||     1
         Whip              |       |   143 |     8 ||   151
    Use: Scroll            |     1 |       |       ||     1
         Potion            |       |     4 |       ||     4
   Stab: Sleeping          |     7 |    31 |       ||    38
 Armour: Skin              |    33 |    89 |    12 ||   134
  Dodge: Dodged            |    45 |    70 |     4 ||   119
  Block: Kite shield       |       |    69 |     1 ||    70

Table legend: (Time is in decaauts)
 A = Elapsed time spent in this place.
 B = Non-inter-level travel time spent in this place.
 C = Inter-level travel time spent in this place.
 D = Time resting spent in this place.
 E = Time spent auto-exploring this place.
 F = Levels seen in this place.
 G = Mean time per level.
                   A        B        C        D        E       F      G
               +--------+--------+--------+--------+--------+-----+--------+
         Total |   4397 |   4313 |     84 |    793 |   2194 |   6 |  732.8 |
       Dungeon |   4397 |   4313 |     84 |    793 |   2194 |   6 |  732.8 |
               +--------+--------+--------+--------+--------+-----+--------+

Top non-repeatable levels by time:
     D:1: 1051 daAuts
     D:4: 910 daAuts
     D:2: 890 daAuts
     D:3: 720 daAuts
     D:5: 606 daAuts
     D:6: 218 daAuts
